 Dungeon Crawl Stone Soup version 0.30-b1-2-g02819fbbbe (webtiles) character file.

Game seed: 2739133969412822813

576 Sassy404 the Sneak (level 7, -8/60 HPs)
             Began as a Naga Fire Elementalist on June 17, 2023.
             Was an Initiate of Vehumet.
             Mangled by Pikel
             ... wielding a +1 whip of electrocution
              (15 damage)
             ... on level 3 of the Dungeon.
             The game lasted 00:28:02 (5339 turns).

Sassy404 the Sneak (Naga Fire Elementalist)         Turns: 5339, Time: 00:28:03

Health: -8/60      AC:  7    Str: 10    XL:     7   Next: 35%
Magic:  0/10       EV: 10    Int: 17    God:    Vehumet [......]
Gold:   73         SH:  0    Dex: 12    Spells: 7/10 levels left

rFire   . . .        k - +0 dagger
rCold   . . .        (no shield)
rNeg    . . .        a - +0 robe
rPois   +            v - +1 helmet
rElec   .            w - +0 cloak
rCorr   .            f - +0 pair of gloves
SInv    +            (no barding)
Will    .....        r - amulet of the acrobat
Stlth   +++          g - ring of flight
HPRegen 0.30/turn    (no ring)
MPRegen 0.12/turn

%: acrobat
@: flying, very slow
A: AC +2, large, see invisible, deformed body, poison resistance, slowness 2,
spit poison 1, naga tail 1
a: Spit Poison, Renounce Religion


You were on level 3 of the Dungeon.
You worshipped Vehumet.
Vehumet was noncommittal.
You visited 2 branches of the dungeon, and saw 5 of its levels.

You collected 183 gold pieces.
You spent 110 gold pieces at shops.

Inventory:

Hand Weapons
 j - a +0 falchion
 k - a +0 dagger (weapon)
Missiles
 e - 5 boomerangs
Armour
 a - a +0 robe (worn)
 f - a +0 pair of gloves (worn)
 v - a +1 helmet (worn)
 w - a +0 cloak (worn)
Jewellery
 g - a ring of flight (left hand)
 r - an amulet of the acrobat (around neck)
Wands
 s - a wand of roots (10)
Scrolls
 d - 3 scrolls of enchant weapon
 h - a scroll of teleportation
 i - a scroll of silence {unknown}
 m - a scroll of immolation {unknown}
 o - a scroll of blinking {unknown}
Potions
 c - 2 potions of invisibility
 l - a potion of haste
 n - a potion of might
 p - a potion of curing
 q - a potion of mutation
 t - a potion of attraction
 u - 2 potions of ambrosia


   Skills:
 - Level 2.0 Fighting
 - Level 3.1 Short Blades
 - Level 3.4 Dodging
 - Level 7.0 Stealth
 * Level 2.0 Spellcasting
 - Level 3.1 Conjurations
 - Level 3.0 Fire Magic


You had 7 spell levels left.
You knew the following spells:

 Your Spells              Type           Power      Damage    Failure   Level
a - Foxfire               Conj/Fire      48%        2x1d6     5%          1
b - Scorch                Fire           22%        2d5       9%          2

Your spell library contained the following spells:

 Spells                   Type           Power      Damage    Failure   Level
 Freeze                   Ice            4%         1d3       19%         1
 Summon Small Mammal      Summ           4%         N/A       19%         1
 Hailstorm                Conj/Ice       7%         3d4       30%         3
 Inner Flame              Hex/Fire       6%         N/A       30%         3
 Volatile Blastmotes      Fire/Tloc      12%        2d11      30%         3
 Frozen Ramparts          Ice            2%         1d1       50%         3
 Flame Wave               Conj/Fire      12%        2d6       50%         4
 Summon Cactus Giant      Summ           0%         N/A       100%        6


Dungeon Overview and Level Annotations

Branches:
Dungeon (4/15)             Temple (1/1) D:4

Altars:
Ashenzari
Elyvilon
Fedhas
Gozag
Hepliaklqana
Kikubaaqudgha
Makhleb
Qazlal
Sif Muna
Vehumet
Wu Jian
Yredelemnul
Zin
The Shining One

Shops:
D:1 :(?(   D:3 ![(![   D:4 ?

Annotations:
D:3 Pikel
D:4 Edmund, Eustachio, Menkaure


Innate Abilities, Weirdness & Mutations

Your serpentine skin is tough. (AC +2)
You have supernaturally acute eyesight. (SInv)
Armour fits poorly on your strangely shaped body.
Your system is resistant to poisons. (rPois)
You cover ground very slowly.
You can spit poison.
You have a snake-like lower body.


Message History

Pikel's fire resistance burns away.
Pikel hits you with a +1 whip of electrocution!
Casting: Scorch (safe; 9% risk of failure)
Confirm with . or Enter, or press ? or * to list all spells.
Flames lash Pikel.
Pikel is burned terribly!
Pikel is moderately wounded.
Pikel barely misses you.
Casting: Scorch (safe; 9% risk of failure)
Confirm with . or Enter, or press ? or * to list all spells.
Flames lash Pikel.
Pikel is burned terribly!
Pikel is heavily wounded.
Pikel hits you with a +1 whip of electrocution.
Casting: Scorch (safe; 9% risk of failure)
Confirm with . or Enter, or press ? or * to list all spells.
Flames lash Pikel but do no damage.
Pikel closely misses you.
Casting: Scorch (safe; 9% risk of failure)
Confirm with . or Enter, or press ? or * to list all spells.
Flames lash Pikel.
Pikel is burned terribly!
Pikel is severely wounded.
Pikel hits you but does no damage.
Casting: Scorch (safe; 9% risk of failure)
Confirm with . or Enter, or press ? or * to list all spells.
You don't have enough magic to cast this spell.
Casting: Scorch (safe; 9% risk of failure)
Confirm with . or Enter, or press ? or * to list all spells.
You don't have enough magic to cast this spell.
You hit Pikel but do no damage.
Pikel is severely wounded.
Pikel hits you with a +1 whip of electrocution.
You are electrocuted!
* * * LOW HITPOINT WARNING * * *
You hit Pikel but do no damage.
Pikel is severely wounded.
Pikel completely misses you.
You hit Pikel but do no damage.
Pikel is severely wounded.
Pikel hits you with a +1 whip of electrocution.
* * * LOW HITPOINT WARNING * * *
You are electrocuted!
You die...

###...## ##......##.....#
......#######.......########
#...................####.#
...#[.#######.#####.##...#
~~.......##########.#..###
∩~........##.....##...##
≈~.........#.###.....##
........#....###K.#.##
......###.#.....@.#.#
#...#.# #.##........#
#...#.# #.########..#
#####.# #.....#
#..########### # #.# #####.#
#....#.......# #####.# #.#
#.##.##.####.# ......# #.#
#.##)##.##.#.# ####### #.#
#.##†##.#..#.### ######.##
#.##.##.#......#


You could see Pikel (combustible).

Vanquished Creatures
  Grinder (D:3)
  4 lemures (D:3)
  A hound (D:3)
  Crazy Yiuf (D:4)
  A sleepcap (D:4)
  Natasha (thrice) (D:3)
  An iguana (D:3)
  An orc wizard (D:4)
  Robin (D:3)
  3 gnolls (D:3)
  5 adders (D:2)
  10 orcs
  3 ball pythons
  9 bats
  5 endoplasms
  A giant cockroach (D:3)
  13 goblins
  9 hobgoblins
  4 kobolds
  3 quokkas
  2 frilled lizards
  3 rats
84 creatures vanquished.

Vanquished Creatures (others)
  88 foxfires
  12 fungi
  A plant (D:3)
101 creatures vanquished.

Grand Total: 185 creatures vanquished

Notes
Turn   | Place    | Note
-------+----------+-------------------------------------------
     0 | D:1      | Sassy404 the Naga Fire Elementalist began the quest for the
                  | Orb.
     0 | D:1      | Reached XP level 1. HP: 15/15 MP: 3/3
   215 | D:1      | Reached skill level 1 in Fighting
   278 | D:1      | Found Uptamneh's Book Boutique.
   407 | D:1      | Reached XP level 2. HP: 25/25 MP: 1/5
   585 | D:1      | Found Menlol's Antique Weapon Emporium.
   677 | D:1      | Reached skill level 1 in Short Blades
   715 | D:1      | Found Umeivvit's Weapon Boutique.
   965 | D:1      | Found Viwnojen's Magic Scroll Shoppe.
   970 | D:1      | Bought a scroll of identify for 22 gold pieces
   970 | D:1      | Bought a scroll of teleportation for 33 gold pieces
   970 | D:1      | Bought a scroll of identify for 22 gold pieces
  1218 | D:2      | Reached skill level 4 in Stealth
  1218 | D:2      | Reached XP level 3. HP: 11/31 MP: 4/6
  1841 | D:2      | Reached skill level 5 in Stealth
  1841 | D:2      | Reached XP level 4. HP: 38/38 MP: 3/7
  1844 | D:2      | Learned a level 2 spell: Scorch
  2446 | D:3      | Noticed Natasha
  2451 | D:3      | Killed Natasha
  2452 | D:3      | Reached XP level 5. HP: 44/44 MP: 8/8
  2534 | D:3      | Found Hipruitz's Distillery.
  2612 | D:3      | Noticed Natasha
  2628 | D:3      | Killed Natasha
  2664 | D:3      | Found Soynwir's Antique Armour Emporium.
  2667 | D:3      | Found a faded altar of an unknown god.
  2675 | D:3      | Got Plato's Grimoire of the Entourage
  2787 | D:3      | Found Onosy's Antique Weapon Shoppe.
  2819 | D:3      | Found Miptoyd's Distillery.
  2827 | D:3      | Bought a potion of curing for 33 gold pieces
  2830 | D:3      | Found Nugale's Antique Armour Shop.
  2934 | D:3      | Noticed Natasha
  2940 | D:3      | Killed Natasha
  2941 | D:3      | Reached skill level 6 in Stealth
  2941 | D:3      | Reached XP level 6. HP: 43/52 MP: 2/9
  3009 | D:3      | Noticed Grinder
  3050 | D:3      | Killed Grinder
  3051 | D:3      | Reached XP level 7. HP: 38/60 MP: 0/10
  3133 | D:3      | Noticed Robin
  3149 | D:3      | Killed Robin
  3539 | D:3      | Found a shimmering blue altar of Sif Muna.
  3660 | D:3      | Reached skill level 7 in Stealth
  3919 | D:4      | Noticed Menkaure
  3957 | D:4      | Found an opulent altar of Gozag.
  4159 | D:4      | Found Awkixuvu's Magic Scroll Boutique.
  4224 | D:4      | Found a runed translucent door.
  4225 | D:4      | Noticed Crazy Yiuf
  4236 | D:4      | Killed Crazy Yiuf
  4326 | D:4      | Found a staircase to the Ecumenical Temple.
  4333 | D:4      | Noticed Pikel
  4336 | Temple   | Entered the Ecumenical Temple
  4592 | Temple   | Became a worshipper of Vehumet
  4618 | D:4      | Noticed Eustachio
  5034 | D:4      | Noticed Edmund
  5339 | D:3      | Mangled by Pikel

Illustrated notes

Levels and vault maps discovered:
D:1:      dpeg_arrival_water_temple_mockup, layout_loops_ring, serial_shops,
          shop, nicolae_shop_back_alley_shop, shop,
          nicolae_shop_bloodbath_and_beyond
D:2:      layout_basic
D:3:      layout_basic, nicolae_sif_muna_little_library,
          shapermc_ecumenical_altar_rom_forum, serial_shops,
          nicolae_shop_scrapyard, shop, shop, nicolae_shop_industrial_runoff,
          shop, dreamdust_mushroom_princess, minmay_diced_spiral, uniq_grinder,
          uniq_robin, uniq_natasha
D:4:      layout_cave_pools, nicolae_gozag_seed_capital,
          minmay_temple_entry_wispy, serial_shops, nicolae_shop_rolled_up,
          uniq_eustachio, uniq_edmund, uniq_pikel, uniq_crazy_yiuf_cottage,
          uniq_menkaure, uniq_sigmund
Temple:   nicolae_temple_bog_church

Skill      XL: |  1  2  3  4  5  6  7 |
---------------+----------------------+-----
Fighting       | 1 2 |  2.0
Short Blades   | 1 3 |  3.1
Stealth        | 4 5 6 7 |  7.0
Conjurations   | 2 3 |  3.1
Dodging        | 3 |  3.4
Spellcasting   | |  2.0
Fire Magic     | |  3.0

Action                     |  1- 3 |  4- 6 |  7- 9 || total
---------------------------+-------+-------+-------++-------
  Melee: Unarmed           |    12 |       |       ||    12
         Falchion          |    17 |       |       ||    17
         Club              |    13 |       |       ||    13
         Dagger            |    41 |   111 |   148 ||   300
         Punch             |     1 |       |       ||     1
   Cast: Foxfire           |    28 |    13 |     8 ||    49
         Scorch            |       |    15 |    46 ||    61
    Use: Scroll            |     2 |     2 |     3 ||     7
         Potion            |       |       |     1 ||     1
   Stab: Sleeping          |     3 |     2 |       ||     5
 Armour: Robe              |    40 |    48 |    73 ||   161
  Dodge: Dodged            |    72 |    84 |   191 ||   347
